 Dungeon Crawl Stone Soup version 0.29-a0-40-g8eb35efe60 (webtiles) character file.

Game seed: 3086225612184376341

11709 testman the Fighter (level 11, -19/116 HPs)
             Began as a Purple Draconian Transmuter on Jan 31, 2022.
             Was the Champion of Ru.
             Killed from afar by a smoke demon (37 damage)
             ... with a ball of steam
             ... on level 1 of the Abyss on Feb 1, 2022.
             The game lasted 01:01:35 (15376 turns).

testman the Fighter (Purple Draconian Transmuter)  Turns: 15376, Time: 01:01:35

Health: -19/116    AC:  8    Str: 16    XL:     11   Next: 52%
Magic:  21/23      EV: 11    Int: 15    God:    Ru [******]
Gold:   598        SH:  0    Dex: 11    Spells: 17/26 levels left

rFire   x . .      SeeInvis +     - Unarmed
rCold   + + +      Faith    .   (shield unavailable)
rNeg    . . .      Spirit   .   (armour unavailable)
rPois   +          Reflect  .   (helmet currently unavailable)
rElec   .          Harm     .   (cloak currently unavailable)
rCorr   .          Rampage  .   (gloves currently unavailable)
Will    +....                   (boots currently unavailable)
Stlth   +.........              (no amulet)
HPRegen 0.29/turn               (ring unavailable)
MPRegen 0.18/turn               u - ring of see invisible

@: on fire, ice-form, unable to drink, slowed, glowing, very slow
A: freezing attack, amphibious, boosted hp, (breathe power), AC +7, large,
unfitting armour, (cold-blooded), inability to drink while threatened, missing a
hand, inability to use devices
a: End Transformation, Renounce Religion, Draw Out Power, Power Leap, Apocalypse


You were on level 1 of the Abyss.
You worshipped Ru.
Ru was exalted by your worship.
You were a creature of crystalline ice.
You visited 1 branch of the dungeon, and saw 11 of its levels.
You visited the Abyss 1 time.
You also visited: Sewer.

You collected 598 gold pieces.

Inventory:

Hand Weapons
 k - a +0 hunting sling
Missiles
 a - 310 stones
 d - 36 poisoned darts
 B - a throwing net
 E - 5 curare-tipped darts
Armour
 c - a +0 pair of gloves (melded)
 o - a +0 cloak (melded)
Jewellery
 b - a ring of magical power
 h - a ring of ice
 i - an amulet of regeneration
 l - a ring of fire
 m - a ring of protection from fire
 u - a ring of see invisible (right front paw)
Scrolls
 j - a scroll of vulnerability
 p - 2 scrolls of magic mapping
 q - 4 scrolls of teleportation {unknown}
 r - a scroll of summoning {unknown}
 s - 3 scrolls of fog
 v - 2 scrolls of amnesia {unknown}
 y - a scroll of enchant armour {unknown}
 A - a scroll of brand weapon {unknown}
Potions
 e - a potion of lignification
 f - 2 potions of invisibility
 g - 4 potions of curing
 n - 2 potions of degeneration
 t - a potion of haste {unknown}
 w - a potion of brilliance {unknown}
 x - 2 potions of heal wounds
 z - 3 potions of magic
 C - 3 potions of berserk rage
 D - 2 potions of attraction
 F - 2 potions of ambrosia {unknown}
 G - a potion of mutation {unknown}
 I - a potion of cancellation {unknown}


   Skills:
 + Level 9.5 Fighting
 + Level 5.4 Dodging
 + Level 9.2 Unarmed Combat
 + Level 8.3 Spellcasting
 + Level 8.6 Transmutations
 - Level 5.0 Ice Magic
 * Level 3.7 Earth Magic


You had 17 spell levels left.
You knew the following spells:

 Your Spells              Type           Power      Damage    Failure   Level
a - Beastly Appendage     Tmut           64%        N/A       1%          1
b - Wereblood             Tmut           32%        N/A       1%          2
c - Ice Form              Ice/Tmut       26%        N/A       7%          4
d - Passwall              Tmut/Erth      20%        N/A       1%          2

Your spell library contained the following spells:

 Spells                   Type           Power      Damage    Failure   Level
 Sandblast                Erth           34%        2d9       2%          1
 Spider Form              Tmut/Pois      19%        N/A       6%          3
 Ignite Poison            Fire/Tmut/Pois 14%        N/A       11%         3
 Stone Arrow              Conj/Erth      22%        3d8       16%         3
 Gell's Gravitas          Tloc           6%         N/A       34%         3
 Lesser Beckoning         Tloc           6%         N/A       34%         3
 Mephitic Cloud           Conj/Pois/Air  6%         N/A       34%         3
 Teleport Other           Tloc           6%         N/A       34%         3
 Freezing Cloud           Conj/Ice/Air   5%         6-21      85%         5


Dungeon Overview and Level Annotations

Branches:
Dungeon (11/15)            Temple (0/1) D:6            Lair (0/6) D:9
  Sewer (visited)
    Orc: D:9-12

Altars:
Dithmenos
Fedhas
Hepliaklqana
Kikubaaqudgha
Makhleb
Nemelex Xobeh
Ru
Trog
Uskayaw
Vehumet

Shops:
D:9 *   D:10 =

Portals:
Trove: D:11 (give 17 scrolls of teleportation)

Annotations:
D:11 Erolcha


Innate Abilities, Weirdness & Mutations

You are a creature of crystalline ice.
You have a powerful freezing melee attack.
You are amphibious.
Your maximum health is increased.
Your armour is entirely melded.
You are incapable of wielding weapons or throwing items.
((You can breathe bolts of dispelling energy.))
((Your rich purple scales are hard. (AC +7)))
You cannot fit into any form of body armour.
((You are cold-blooded and may be slowed by cold attacks.))
You sometimes lose the ability to drink potions when taking damage.
You are missing a hand.
You cannot study or use magical devices.


Message History

The large abomination is severely damaged.
The large abomination barely misses you.
You punch the large abomination! You freeze the large abomination.
The large abomination is almost destroyed.
The large abomination hits you but does no damage.
The white imp begins to attack, but is stunned by your conviction!
You hit the large abomination but do no damage.
The large abomination is almost destroyed.
The smoke demon begins to attack, but is stunned by your conviction!
The large abomination hits you.
You punch the large abomination! You freeze the large abomination.
You destroy the large abomination!
That felt strangely unrewarding.
The smoke demon hits you but does no damage. x2
The smoke demon barely misses you.
You punch the smoke demon! You freeze the smoke demon.
The smoke demon is heavily wounded.
The smoke demon gestures at you.
The sticky flame hits you but does no damage.
You are covered in liquid flames!
You hit the smoke demon. You freeze the smoke demon.
The smoke demon is heavily wounded.
You are covered in liquid flames!
* * * LOW HITPOINT WARNING * * *
The smoke demon gestures at you. The sticky flame hits you.
You are covered in liquid flames!
* * * LOW HITPOINT WARNING * * *
You barely miss the smoke demon.
The smoke demon is heavily wounded.
You are covered in liquid flames!
* * * LOW HITPOINT WARNING * * *
You redirect the smoke demon's attack!
The smoke demon gestures at the white imp.
The ball of steam hits the white imp!
The white imp is engulfed in a cloud of scalding steam.
The white imp dies!
The smoke demon gestures at you. The ball of steam hits you!!!
The steam scalds you terribly!
You die...

...... ...
...... .. .
...... .. ..
...#.# ##.#.#
#.... ..#..
...#.#.##.. #
##.......#
##.. .#Y# ##
## ####3##...#
#......§#...##
.....#.§.#. .
.#.....##.#. #
## #..#..#...#
#.##
#..#..#....
#.. .#..
.##### # .
.##.# #.#


You could see a smoke demon.

Vanquished Creatures
  Josephine (D:11)
  2 two-headed ogres
  Nergalle (D:11)
  A manticore (D:11)
  2 cyclopes (D:11)
  A gargoyle (D:11)
  2 trolls
  A hornet (D:8)
  Sigmund (D:4)
  A wyvern (D:9)
  A shadow (D:9)
  2 vampires (D:11)
  7 yaks (D:11)
  4 wraiths
  Eustachio (D:6)
  2 steam dragons
  A large abomination (Abyss:1)
  Menkaure (D:6)
  An acid dragon (D:9)
  Duvessa (D:3)
  7 orc warriors
  4 water moccasins
  A sky beast (D:6)
  2 centaurs
  3 wolves (D:9)
  2 kobold brigands
  2 bullfrogs (D:9)
  A wyvern zombie (D:9)
  A scorpion (D:6)
  Dowan (D:3)
  8 wights
  6 killer bees (D:9)
  4 electric eels
  5 howler monkeys
  A bullfrog zombie (D:6)
  A centaur zombie (D:8)
  2 lava snakes (D:8)
  7 hounds
  Crazy Yiuf (D:2)
  11 orc priests
  4 bullfrog skeletons
  Jessica (D:2)
  A centaur skeleton (D:7)
  4 iguanas
  9 orc wizards
  2 killer bee zombies
  2 hound skeletons (D:5)
  4 gnolls (D:5)
  4 river rats (Sewer)
  14 adders
  A white imp (D:6)
  An ufetubus (D:6)
  3 worms
  5 dart slugs
  56 orcs
  10 ball pythons
  9 bats
  6 endoplasms
  3 giant cockroaches
  4 goblins
  9 hobgoblins
  20 jackals
  3 quokkas
  6 frilled lizards
  10 kobolds
  8 rats
303 creatures vanquished.

Vanquished Creatures (others)
  A howler monkey (D:9)
  A hound (D:9)
  2 white imps
  65 plants
69 creatures vanquished.

Grand Total: 372 creatures vanquished

Notes
Turn   | Place    | Note
-------+----------+-------------------------------------------
     0 | D:1      | testman the Draconian Transmuter began the quest for the
                  | Orb.
     0 | D:1      | Reached XP level 1. HP: 16/16 MP: 3/3
   182 | D:1      | Reached XP level 2. HP: 24/24 MP: 5/5
   185 | D:1      | Learned a level 2 spell: Wereblood
   401 | D:1      | Found a faded altar of an unknown god.
   408 | D:1      | Prayed at the altar of an unknown god.
   408 | D:1      | Became a worshipper of Ru the Awakened
   420 | D:1      | Gained mutation: You are missing a hand. [Ru sacrifice]
   420 | D:1      | Reached * piety under Ru
   420 | D:1      | Reached ** piety under Ru
   420 | D:1      | Reached *** piety under Ru
   489 | D:1      | Reached XP level 3. HP: 30/30 MP: 6/6
   877 | D:2      | Reached XP level 4. HP: 37/37 MP: 7/7
   997 | D:2      | Noticed Jessica
  1007 | D:2      | Killed Jessica
  1396 | D:2      | Found a runed translucent door.
  1397 | D:2      | Noticed Crazy Yiuf
  1410 | D:2      | Killed Crazy Yiuf
  1880 | D:3      | Reached XP level 5. HP: 45/45 MP: 8/8
  1962 | D:3      | Found a glowing drain.
  1977 | Sewer    | Entered a sewer
  2476 | Sewer    | Reached XP level 6. HP: 44/52 MP: 7/9
  3357 | D:3      | Reached skill level 5 in Unarmed Combat
  3599 | D:3      | Gained mutation: You cannot study or use magical devices.
                  | [Ru sacrifice]
  3599 | D:3      | Reached **** piety under Ru
  3599 | D:3      | Reached ***** piety under Ru
  3891 | D:4      | Noticed Duvessa
  3891 | D:4      | Noticed Dowan
  3921 | D:3      | Killed Duvessa
  3922 | D:3      | Your scales start taking on a rich purple colour.
  3922 | D:3      | Reached XP level 7. HP: 51/60 MP: 8/10
  3932 | D:3      | Killed Dowan
  3933 | D:3      | Reached skill level 5 in Fighting
  3968 | D:3      | Learned a level 4 spell: Ice Form
  4100 | D:4      | Found a bloodstained altar of Trog.
  4202 | D:4      | Noticed Sigmund
  4211 | D:4      | Killed Sigmund
  4213 | D:4      | Found an ancient bone altar of Kikubaaqudgha.
  4306 | D:4      | Reached skill level 1 in Ice Magic
  5042 | D:5      | Entered Level 5 of the Dungeon
  5329 | D:5      | Reached skill level 5 in Transmutations
  5329 | D:5      | Reached XP level 8. HP: 61/69 MP: 9/13
  5414 | D:5      | Found a hazy altar of Hepliaklqana.
  6033 | D:6      | Found a staircase to the Ecumenical Temple.
  6555 | D:6      | Gained mutation: You sometimes lose the ability to drink
                  | potions when taking damage. [Ru sacrifice]
  6555 | D:6      | Reached ****** piety under Ru
  6556 | D:6      | Upgraded the game from 0.29-a0-25-g7f48f510a0 to
                  | 0.29-a0-40-g8eb35efe60
  6697 | D:6      | Noticed Menkaure
  6707 | D:6      | Killed Menkaure
  7045 | D:6      | Noticed Eustachio
  7056 | D:6      | Killed Eustachio
  7057 | D:6      | Reached XP level 9. HP: 65/78 MP: 14/16
  7370 | D:7      | Reached skill level 5 in Spellcasting
  9275 | D:8      | Found a sparkling altar of Nemelex Xobeh.
  9336 | D:8      | Found a blossoming altar of Fedhas.
  9357 | D:8      | Found a burning altar of Makhleb.
  9473 | D:8      | Reached skill level 5 in Ice Magic
  9591 | D:8      | Found a radiant altar of Vehumet.
 10176 | D:8      | Found a hide-covered altar of Uskayaw.
 10560 | D:8      | Paralysed by a hornet for 1 turns
 10989 | D:9      | Reached XP level 10. HP: 79/88 MP: 16/19
 12530 | D:9      | Found a staircase to the Lair.
 12581 | D:9      | Found Qighuzewk's Changing Room.
 13048 | D:10     | Entered Level 10 of the Dungeon
 13048 | D:10     | Found Ynibric's Jewellery Shop.
 13140 | D:10     | Noticed a two-headed ogre
 13147 | D:10     | Killed a two-headed ogre
 13323 | D:10     | Found a shadowy altar of Dithmenos.
 13556 | D:10     | Identified the +6 whip of Change {vorpal, Contam rCorr
                  | Str+7 Dex+3}
 13711 | D:11     | Noticed a two-headed ogre
 13719 | D:11     | Killed a two-headed ogre
 13723 | D:11     | Learned a level 2 spell: Passwall
 13840 | D:11     | Noticed Nergalle
 13849 | D:11     | Killed Nergalle
 13850 | D:11     | Reached XP level 11. HP: 83/97 MP: 18/22
 13974 | D:11     | Reached skill level 1 in Earth Magic
 13979 | D:11     | Reached skill level 5 in Dodging
 14662 | D:11     | Found a portal to a secret trove of treasure.
 14662 | D:11     | Noticed Josephine
 14680 | D:11     | Killed Josephine
 14883 | D:11     | Found a blossoming altar of Fedhas.
 15227 | D:11     | Noticed Erolcha
 15268 | D:11     | Cast into level 1 of the Abyss (Erolcha)
 15376 | Abyss:1  | Killed from afar by a smoke demon

Illustrated notes

Levels and vault maps discovered:
D:1:      dpeg_arrival_round_c, layout_basic,
          dilly_ecumenical_altar_fadedgnrine, amcnicky_mini_pool_small
D:2:      layout_loops_cross, minmay_liquid_box, uniq_jessica,
          uniq_crazy_yiuf_cottage
D:3:      layout_loops_cross, cheibrodos_sewer_entry_sluice, st_stairs_6,
          minmay_cut_off
D:4:      layout_basic, trog_three_pillars_becter, lemuel_tele_altar,
          chequers_serial_rivers_micro_b, kennysheep_generic_room_11,
          uniq_duvessa, uniq_sigmund
D:5:      layout_cave_pods, nicolae_hepliaklqana_hazy_memory,
          minmay_misc_feat_rugged
D:6:      layout_loops_cross, minmay_temple_entry_gardened_gates,
          minmay_misc_feat_secret_circle, minmay_statues_item, uniq_eustachio,
          uniq_menkaure
D:7:      layout_loops_ring, serial_bayou, serial_bayou_lake_a,
          serial_bayou_pond_b, serial_bayou_pond_c, serial_bayou_shore_a
D:8:      layout_loops_ring, nemelex_diamond_rough_becter,
          nicolae_uskayaw_murder_on_the_dancefloor,
          mainiacjoe_overflow_alcove_2, mainiacjoe_overflow_catch_the_wave,
          grunt_decor_junction
D:9:      layout_gridville, erik_lair_island, nicolae_transmutations_shop
D:10:     layout_rooms, mainiacjoe_overflow_tiny_flanked, david_orc_4,
          serial_shops, nicolae_shop_trees
D:11:     layout_loops_corners, enter_trove_0, st_stairs_3, fedhas_altar_4,
          uniq_josephine, uniq_nergalle, uniq_erolcha
Abyss:1:  base:
D:4

Skill      XL: |  1  2  3  4  5  6  7  8  9 10 11 |
---------------+----------------------------------+-----
Fighting       | 2 3 4 5 6 7 9 |  9.5
Unarmed Combat | 4 5 6 7 8 9 |  9.2
Transmutations | 3 4 5 6 8 |  8.6
Ice Magic      | 2 4 5 |  5.0
Spellcasting   | 3 4 6 7 8 |  8.3
Dodging        | 3 4 5 |  5.4
Earth Magic    | 3 |  3.7

Action                   |  1- 3 |  4- 6 |  7- 9 | 10-12 || total
-------------------------+-------+-------+-------+-------++-------
Melee: Unarmed           |   110 |   267 |   364 |   198 ||   939
       Kick              |    17 |    55 |    65 |     4 ||   141
       Headbutt          |    14 |    29 |    64 |     2 ||   109
       Tailslap          |     5 |    29 |    42 |       ||    76
Throw: Stone             |       |     5 |       |       ||     5
 Cast: Beastly Appendage |    18 |    33 |    47 |     2 ||   100
       Wereblood         |     3 |     8 |    13 |    10 ||    34
       Ice Form          |       |       |     3 |    22 ||    25
Invok: Sacrifice a Hand  |     1 |       |       |       ||     1
       Draw Out Power    |       |     1 |     2 |     1 ||     4
       Sacrifice Artific |       |     1 |       |       ||     1
       Sacrifice Drink   |       |       |     1 |       ||     1
       Power Leap        |       |       |     1 |     1 ||     2
 Abil: Breathe Dispellin |       |       |    21 |     1 ||    22
  Use: Scroll            |       |     2 |     7 |     2 ||    11
       Potion            |       |       |     2 |       ||     2
 Stab: Distracted        |       |       |     1 |     1 ||     2
       Paralysed         |       |       |     2 |     3 ||     5
       Invisible         |       |       |       |     1 ||     1
Armor: Skin              |    35 |    90 |    93 |    37 ||   255
Dodge: Dodged            |    75 |   127 |   185 |    64 ||   451

Table legend: (Time is in decaauts)
 A = Elapsed time spent in this place.
 B = Non-inter-level travel time spent in this place.
 C = Inter-level travel time spent in this place.
 D = Time resting spent in this place.
 E = Time spent auto-exploring this place.
 F = Levels seen in this place.
 G = Mean time per level.
                   A        B        C        D        E       F      G
               +--------+--------+--------+--------+--------+-----+--------+
         Total |  15499 |  15153 |    346 |   4578 |   7966 |  13 | 1192.2 |
       Dungeon |  14237 |  13891 |    346 |   4556 |   7123 |  11 | 1294.3 |
         Abyss |    108 |    108 |      0 |      0 |     44 |   1 |  108.0 |
         Sewer |   1152 |   1152 |      0 |     22 |    799 |   1 | 1152.0 |
               +--------+--------+--------+--------+--------+-----+--------+

Top non-repeatable levels by time:
     D:8: 2393 daAuts
     D:7: 2176 daAuts
    D:11: 1561 daAuts
     D:6: 1335 daAuts
     D:3: 1184 daAuts
   Sewer: 1152 daAuts
     D:9: 1144 daAuts
     D:2: 1100 daAuts
     D:5: 950 daAuts
     D:4: 950 daAuts
     D:1: 789 daAuts
    D:10: 651 daAuts
 Abyss:1: 108 daAuts
